 Dungeon Crawl Stone Soup version 0.32-a0-711-g016ad743e0 (webtiles) character file.

Game seed: 9805123398491938309

49 Griffin23 the Ruffian (level 3, -3/29 HPs)
             Began as a Minotaur Shapeshifter on Mar 15, 2024.
             Slain by Terence
             ... wielding a +0 trident
              (11 damage)
             ... on level 2 of the Dungeon.
             The game lasted 00:01:35 (952 turns).

Griffin23 the Ruffian (Minotaur Shapeshifter)        Turns: 952, Time: 00:01:36

Health: -3/29      AC:  2    Str: 20    XL:     3   Next: 51%
Magic:  2/2        EV: 11    Int:  7    God:
Gold:   64         SH:  0    Dex:  9    Spells: 2/2 levels left

rFire   . .          .
                       - Unarmed
rCold   . . .        (no shield)
rNeg    . . .        a - +0 animal skin
rPois   .            (helmet restricted)
rElec   .            (no cloak)
rCorr   .            (no gloves)
SInv    .            (no boots)
Will    .....        (no amulet)
Stlth   +            (no ring)
HPRegen 0.24/turn    (no ring)
MPRegen 0.08/turn

%: no passive effects
@: no status effects
A: horns 2, retaliatory headbutt
a: no special abilities


You were on level 2 of the Dungeon.
You visited 1 branch of the dungeon, and saw 2 of its levels.

You collected 64 gold pieces.

Inventory:

Armour
 a - a +0 animal skin (worn)
Talismans
 c - a beast talisman
 d - a flux talisman
Scrolls
 e - a scroll of blinking {unknown}
 f - 2 scrolls of teleportation {unknown}
 g - 2 scrolls of identify {unknown}
 j - a scroll of immolation {unknown}
Potions
 b - a potion of lignification
 h - a potion of degeneration {unknown}
 i - a potion of curing {unknown}
 k - a potion of berserk rage {unknown}


   Skills:
 + Level 2.2 Fighting
 + Level 2.8 Dodging
 + Level 3.8 Unarmed Combat
 + Level 2.8 Shapeshifting


You had 2 spell levels left.
You didn't know any spells.
Your spell library was empty.

Dungeon Overview and Level Annotations

Branches:
Dungeon (2/15)

Altars:

Annotations:
D:2 Terence


Innate Abilities, Weirdness & Mutations

You have a pair of horns on your head.
You reflexively headbutt those who attack you in melee.


Message History

There are monsters nearby!
You are too injured to fight recklessly!
There are monsters nearby!
You are too injured to fight recklessly!
There are monsters nearby!
You are too injured to fight recklessly!
You barely miss Terence. The dart slug launches a dart at you.
The slug dart hits you. Terence barely misses you.
You closely miss Terence. Terence misses you. You furiously retaliate!
You headbutt Terence. You hit Terence but do no damage.
Terence is lightly wounded.
You hit Terence.
Terence is moderately wounded.
Terence barely misses you. The ball python closely misses you.
You furiously retaliate!
You headbutt the ball python!
You kill the ball python!
You hit Terence but do no damage.
Terence is moderately wounded.
Terence completely misses you.
You closely miss Terence.
Terence is moderately wounded.
Terence hits you with a +0 trident.
* * * LOW HITPOINT WARNING * * *
The dart slug launches a dart at you.
The slug dart hits you but does no damage.
You barely miss Terence.
Terence is moderately wounded.
Terence closely misses you.
You barely miss Terence. Your headbutt misses Terence.
Terence is moderately wounded.
Terence misses you. The dart slug launches a dart at you.
The slug dart misses you.
You barely miss Terence. You headbutt Terence.
Terence is heavily wounded.
Terence hits you with a +0 trident!
You die...
Terence says, "Rest in peace."

....# #.# ....###.#
...... ......#.# .$...#
......#.#### ####...?.##
...........# #..........
...........# #........^.
...........###....=.....
.............)..†@......
................@....#
.....................#
......#####....)w#...#
...... #......#...#
###### #......# ..#
#####.## ..# .... ##
..... ......


You could see Terence and a dart slug.

Vanquished Creatures
  4 dart slugs (D:1)
  4 bats
  3 endoplasms (D:1)
  2 giant cockroaches (D:1)
  9 goblins
  2 hobgoblins (D:1)
  A quokka (D:1)
  5 ball pythons
  A frilled lizard (D:1)
  5 kobolds (D:1)
  2 rats (D:1)
38 creatures vanquished.

Notes
Turn   | Place    | Note
-------+----------+-------------------------------------------
     0 | D:1      | Griffin23 the Minotaur Shapeshifter began the quest for the
                  | Orb.
     0 | D:1      | Reached XP level 1. HP: 16/16 MP: 0/0
   155 | D:1      | Reached XP level 2. HP: 21/23 MP: 1/1
   442 | D:1      | Reached XP level 3. HP: 19/29 MP: 2/2
   934 | D:2      | Noticed Terence
   952 | D:2      | Slain by Terence

Illustrated notes

Levels and vault maps discovered:
D:1:      mainiacjoe_arrival_oval_in_oval, layout_loops_ring, minmay_bisected
D:2:      layout_basic, serial_shops, nicolae_shop_tiny_glass,
          chequers_ecumenical_altar_grove, chequers_hall_statues_corner_a,
          minmay_misc_feat_roman, uniq_terence

Skill      XL: |  1  2 |
---------------+-------+-----
Fighting       | 2 |  2.2
Dodging        | |  2.8
Unarmed Combat | |  3.8
Shapeshifting  | |  2.8

Action                     || total
---------------------------++-------
  Melee: Unarmed           ||    77
         Headbutt          ||    10
         Punch             ||     1
   Stab: Sleeping          ||     1
 Armour: Animal skin       ||    50
  Dodge: Dodged            ||    39
         Form:             ||     1

Table legend: (Time is in decaauts)
 A = Elapsed time spent in this place.
 B = Non-inter-level travel time spent in this place.
 C = Inter-level travel time spent in this place.
 D = Time resting spent in this place.
 E = Time spent auto-exploring this place.
 F = Levels seen in this place.
 G = Mean time per level.
                   A        B        C        D        E       F      G
               +--------+--------+--------+--------+--------+-----+--------+
         Total |    946 |    941 |      5 |      0 |    748 |   2 |  473.0 |
       Dungeon |    946 |    941 |      5 |      0 |    748 |   2 |  473.0 |
               +--------+--------+--------+--------+--------+-----+--------+

Top non-repeatable levels by time:
     D:1: 860 daAuts
     D:2: 86 daAuts
